 Dungeon Crawl Stone Soup version 0.28.0 (webtiles) character file.

Game seed: 7053565068473765192

4316 olourkin the Spear-Bearer (level 10, -1/115 HPs)
             Began as a Black Draconian Cinder Acolyte on Feb 5, 2022.
             Was a Believer of Ignis.
             Slain by an orc warrior (7 damage)
             ... in a bailey.
             The game lasted 01:22:42 (13266 turns).

olourkin the Spear-Bearer (DrCA)                   Turns: 13266, Time: 01:22:42

Health: -1/115     AC: 25    Str: 16    XL:     10   Next: 11%
Magic:  3/11       EV:  2    Int: 20    God:    Ignis [**....]
Gold:   526        SH:  0    Dex:  6    Spells: 9/11 levels left

rFire   + . .      SeeInvis +   L - +5 trident
rCold   . . .      Faith    .   (no shield)
rNeg    . . .      Spirit   .   (armour unavailable)
rPois   +          Reflect  .   (helmet currently unavailable)
rElec   .          Harm     .   (cloak currently unavailable)
rCorr   +          Rampage  .   (gloves currently unavailable)
Will    .....      NoTele   +   (boots currently unavailable)
Stlth   +.........              (no amulet)
HPRegen 0.29/turn               l - ring of resist corrosion
MPRegen 0.12/turn               F - ring of see invisible

@: tree-form
A: stationary, stasis, torment immunity, boosted hp, (breathe lightning), AC +7,
unfitting armour, (electricity resistance), (cold-blooded)
a: Renounce Religion, Fiery Armour, Foxfire Swarm


You were in a bailey.
You worshipped Ignis.
Ignis was pleased with you.
You were a tree.
You visited 2 branches of the dungeon, and saw 9 of its levels.
You also visited: Ossuary and Bailey.

You collected 526 gold pieces.

Inventory:

Hand Weapons
 a - a -1 spear of flaming
 b - a +0 hunting sling
 h - a +0 trident
 j - a +0 scythe
 D - a +1 dagger of venom
 L - a +5 trident (weapon)
 M - a +2 long sword of flaming
 R - a +0 shortbow
Missiles
 f - 265 stones (quivered)
 s - 27 sling bullets
 N - 7 poisoned darts
 S - 23 arrows
Armour
 i - a +0 cloak (melded)
Magical Staves
 O - a staff of air
Jewellery
 l - a ring of resist corrosion (left branch)
 F - a ring of see invisible (right branch)
Wands
 r - a wand of charming (1)
 G - a wand of paralysis (14)
 I - a wand of flame (41)
Scrolls
 d - a scroll of amnesia
 g - 4 scrolls of teleportation
 k - 3 scrolls of vulnerability {!r}
 n - a scroll of enchant armour {unknown}
 o - 2 scrolls of magic mapping
 p - 3 scrolls of identify
 q - a scroll of noise {unknown}
 v - 2 scrolls of summoning {unknown}
 x - a scroll of blinking {unknown}
 y - 2 scrolls of immolation {!r}
 J - a scroll of holy word {unknown}
 K - a scroll of fear {unknown}
 P - 3 scrolls of fog {unknown}
Potions
 c - 4 potions of might
 e - 4 potions of lignification {!q}
 m - a potion of berserk rage {unknown}
 t - 6 potions of flight
 u - 5 potions of haste
 w - 2 potions of attraction {!q}
 z - a potion of mutation {!q}
 A - 2 potions of invisibility
 B - a potion of ambrosia {unknown}
 C - 2 potions of magic
 H - 2 potions of brilliance
 Q - a potion of degeneration {unknown}


   Skills:
 - Level 3.4 Fighting
 - Level 12.0 Polearms
 - Level 1.0 Spellcasting
 + Level 6.1 Conjurations
 + Level 7.0 Fire Magic


You had 9 spell levels left.
You knew the following spells:

 Your Spells              Type           Power      Damage    Failure   Level
a - Scorch                Fire           58%        2d7       1%          2

Your spell library contained the following spells:

 Spells                   Type           Power      Damage    Failure   Level
 Stone Arrow              Conj/Erth      26%        3d8       16%         3
 Freeze                   Ice            4%         1d3       17%         1
 Frozen Ramparts          Ice            2%         1d2       45%         3
 Hailstorm                Conj/Ice       13%        3d5       45%         4
 Lehudib's Crystal Spear  Conj/Erth      6%         10d3      100%        8
 Animate Armour           Summ/Erth      Unusable   N/A       N/A         4

Dungeon Overview and Level Annotations

Branches:
Dungeon (8/15)             Temple (1/1) D:4         Ossuary (visited)
 Bailey (1/1)
   Lair: D:8-11

Altars:
Ashenzari
Dithmenos
Elyvilon
Fedhas
Hepliaklqana
Kikubaaqudgha
Makhleb
Nemelex Xobeh
Qazlal
Ru
Sif Muna
Trog
Uskayaw
Vehumet
Wu Jian
Xom
Zin

Shops:
D:7 [


Innate Abilities, Weirdness & Mutations

You are a tree.
Your roots penetrate the ground, keeping you stationary.
You cannot be teleported.
You are immune to unholy pain and torment.
Your maximum health is greatly increased.
Your equipment is partially melded.
((You can breathe wild blasts of lightning.))
((Your glossy black scales are hard. (AC +7)))
You cannot fit into any form of body armour.
((You are resistant to electric shocks. (rElec)))
((You are cold-blooded and may be slowed by cold attacks.))


Message History

Okay, then.
The orc warrior is no longer more vulnerable to fire.
The orc warrior hits you with a +0 halberd.
* * * LOW HITPOINT WARNING * * *
Really quaff
e - 5 potions of lignification {!q}?
Uppercase [Y]es or [N]o only, please.
Really quaff
e - 5 potions of lignification {!q}?
Really quaff the potion of lignification?
You turn into a tree.
Your +0 cloak melds into your body.
Your roots penetrate the ground.
The orc warrior hits you with a +0 halberd!
* * * LOW HITPOINT WARNING * * *
You puncture the orc warrior!
The orc warrior is severely wounded.
You hit the orc warrior.
The orc warrior is severely wounded.
The orc warrior hits you with a +0 halberd.
* * * LOW HITPOINT WARNING * * *
You barely miss the orc warrior.
The orc warrior is severely wounded.
The orc warrior hits you with a +0 halberd!
* * * LOW HITPOINT WARNING * * *
You hit the orc warrior.
The orc warrior is almost dead.
You feel better.
The orc warrior hits you but does no damage.
You hit the orc warrior but do no damage.
The orc warrior is almost dead.
The orc warrior hits you with a +0 halberd.
* * * LOW HITPOINT WARNING * * *
You hit the orc warrior but do no damage.
The orc warrior is almost dead.
The orc warrior hits you with a +0 halberd!
* * * LOW HITPOINT WARNING * * *
You barely miss the orc warrior.
The orc warrior is almost dead.
You hit the orc warrior.
The orc warrior is almost dead.
The orc warrior hits you with a +0 halberd!
You die...

############ #####
##.∩........## .o...
#......#.....######.....
#.....###....#....#..##..
#∩.....8.....'..♣o)).8...
#....)###)...#..).#..##..
#......#)....###### ....
##.∩...)....## ...o
############ ###


You could see an orc warrior.

Vanquished Creatures
  Maggie (D:7)
  Prince Ribbit (D:8)
  Sigmund (D:2)
  4 yaks
  A steam dragon (D:7)
  A water moccasin (D:5)
  A sky beast (D:8)
  3 orc warriors
  An ice beast (D:5)
  2 ogres
  A centaur (D:8)
  A phantom (D:5)
  A kobold brigand (D:7)
  2 bullfrogs (D:6)
  A scorpion (D:6)
  4 water moccasin zombies (Ossuary)
  7 wights
  A centaur zombie (Ossuary)
  6 bullfrog zombies
  4 jellies
  An orc priest (D:7)
  A gnoll shaman (D:7)
  3 hounds
  A centaur skeleton (D:4)
  4 iguanas
  Natasha (thrice) (D:2)
  2 orc wizards (D:7)
  2 killer bee zombies
  A hound skeleton (D:5)
  13 mummies (Ossuary)
  3 howler monkey zombies
  Robin (D:4)
  12 adders
  4 gnolls
  A white imp (D:4)
  3 worms
  21 orcs
  13 ball pythons
  9 endoplasms
  4 giant cockroaches
  16 goblins
  10 hobgoblins
  3 jackals (D:2)
  7 quokkas
  5 bats
  3 frilled lizards
  11 kobolds
  8 rats
209 creatures vanquished.

Vanquished Creatures (others)
  12 foxfires
  A plant (D:6)
  12 withered plants (Ossuary)
25 creatures vanquished.

Grand Total: 234 creatures vanquished

Notes
Turn   | Place    | Note
-------+----------+-------------------------------------------
     0 | D:1      | olourkin the Draconian Cinder Acolyte began the quest for
                  | the Orb.
     0 | D:1      | Reached XP level 1. HP: 19/19 MP: 2/2
   373 | D:1      | Reached XP level 2. HP: 23/26 MP: 3/3
   729 | D:1      | Found a faded altar of an unknown god.
  1302 | D:2      | Noticed Natasha
  1315 | D:2      | Killed Natasha
  1316 | D:2      | Reached skill level 4 in Polearms
  1316 | D:2      | Reached XP level 3. HP: 29/31 MP: 4/4
  1438 | D:2      | Noticed Sigmund
  1513 | D:2      | Killed Sigmund
  1514 | D:2      | Reached skill level 6 in Polearms
  1514 | D:2      | Reached XP level 4. HP: 20/38 MP: 5/5
  1514 | D:2      | Reached XP level 5. HP: 24/45 MP: 6/6
  2033 | D:2      | Noticed Natasha
  2055 | D:2      | Reached XP level 6. HP: 35/51 MP: 7/7
  2057 | D:2      | Killed Natasha
  2638 | D:2      | Noticed Natasha
  2643 | D:2      | Killed Natasha
  2644 | D:2      | Reached skill level 7 in Polearms
  4349 | D:4      | Noticed Robin
  4490 | D:4      | Found a sand-covered staircase.
  4499 | Ossuary  | Entered an ossuary
  4598 | Ossuary  | Your scales start taking on a glossy black colour.
  4598 | Ossuary  | Reached XP level 7. HP: 20/57 MP: 8/8
  4598 | Ossuary  | Gained mutation: You are resistant to electric shocks.
                  | (rElec) [Black Draconian growth]
  4645 | Ossuary  | Reached skill level 8 in Polearms
  5079 | Ossuary  | Reached skill level 9 in Polearms
  5456 | Ossuary  | Reached XP level 8. HP: 46/63 MP: 9/9
  5930 | D:4      | Reached skill level 10 in Polearms
  5955 | D:4      | Killed Robin
  6024 | D:4      | Found a staircase to the Ecumenical Temple.
  6116 | D:4      | Found a shadowy altar of Dithmenos.
  6622 | D:5      | Entered Level 5 of the Dungeon
  7338 | D:4      | Reached skill level 11 in Polearms
  7590 | D:4      | Learned a level 2 spell: Scorch
  8177 | D:5      | Found a sparkling altar of Nemelex Xobeh.
  8262 | D:5      | Found a sacrificial altar of Ru.
  8262 | D:5      | Found a glowing silver altar of Zin.
  8264 | D:5      | Found a broken altar of Ashenzari.
  8264 | D:5      | Found a shimmering altar of Xom.
  8264 | D:5      | Found a blossoming altar of Fedhas.
  8505 | D:5      | Found an ornate altar of the Wu Jian Council.
  8719 | Temple   | Entered the Ecumenical Temple
  8943 | D:6      | Reached skill level 12 in Polearms
  8943 | D:6      | Reached XP level 9. HP: 60/70 MP: 10/10
  9006 | D:6      | Found a white marble altar of Elyvilon.
  9094 | D:6      | Reached skill level 1 in Conjurations
 10231 | D:6      | Found a burning altar of Makhleb.
 10913 | D:7      | Noticed a +0 falchion
 10913 | D:7      | Noticed a +0 spear
 10913 | D:7      | Noticed a +0 dagger
 10916 | D:7      | Noticed a +0 short sword
 10916 | D:7      | Noticed a +0 dagger
 10918 | D:7      | Noticed a +0 short sword
 10921 | D:7      | Noticed a +0 falchion
 10925 | D:7      | Noticed a +0 spear
 10933 | D:7      | Found a hide-covered altar of Uskayaw.
 11002 | D:7      | Reached skill level 5 in Fire Magic
 11240 | D:7      | Found Dalois's Armour Shop.
 11803 | D:7      | Noticed Maggie
 11951 | D:7      | Killed Maggie
 11952 | D:7      | Reached skill level 5 in Conjurations
 12523 | D:7      | Found a broken altar of Ashenzari.
 12963 | D:8      | Reached XP level 10. HP: 74/77 MP: 1/11
 13010 | D:8      | Noticed Prince Ribbit
 13046 | D:8      | Killed Prince Ribbit
 13156 | D:8      | Found a flagged portal.
 13168 | Bailey   | Entered a bailey
 13266 | Bailey   | Slain by an orc warrior

Illustrated notes

Levels and vault maps discovered:
D:1:      dpeg_arrival_brainrot, layout_basic,
          hellmonk_ecumenical_altar_crossroads
D:2:      minmay_inner_zag, layout_basic, st_stairs_11, cheibrodos_gnoll_hut,
          uniq_natasha, uniq_sigmund
D:3:      layout_loops_ring, minivault_26, hangedman_decor_clover_reticule,
          nrook_loot_triangle
D:4:      nicolae_cairo_tiling_large_dashed, layout_loops_cross,
          nicolae_dithmenos_the_darkroom, minmay_temple_entry_waves,
          nicolae_ossuary_entry_ruins, supply_closet_lemuel,
          kennysheep_generic_room_9, uniq_robin
D:5:      layout_cave_pools, nzn_wu_jian_council_hall, doesnt_xom_only_xom
D:6:      layout_basic, nicolae_overflow_hidden_temple,
          mainiacjoe_overflow_boulevard
D:7:      layout_basic, ashenzari_altar_1, nicolae_uskayaw_en_pointe,
          serial_shops, nicolae_shop_trees, uniq_maggie
D:8:      layout_basic, chei_slow_surprise, enter_bailey_2, uniq_prince_ribbit1
Temple:   zaba_magenta_temple
Bailey:   bailey_polearm_5, bailey

Skill      XL: |  1  2  3  4  5  6  7  8  9 10 |
---------------+-------------------------------+-----
Polearms       | 4 6 7 9 12 | 12.0
Conjurations   | 5 6 |  6.1
Fire Magic     | 6 7 |  7.0
Fighting       | |  3.4
Spellcasting   | |  1.0

Action                   |  1- 3 |  4- 6 |  7- 9 | 10-12 || total
-------------------------+-------+-------+-------+-------++-------
Melee: Spear             |   114 |   354 |   426 |       ||   894
       Tailslap          |     8 |    32 |    59 |       ||    99
       Punch             |     1 |     3 |     2 |       ||     6
       Trident           |       |       |    49 |    49 ||    98
 Fire: Hunting sling     |       |       |     8 |       ||     8
Throw: Stone             |     5 |    28 |   116 |     2 ||   151
 Cast: Scorch            |       |       |    68 |    10 ||    78
Invok: Fiery Armour      |     1 |     1 |     3 |       ||     5
       Foxfire Swarm     |     1 |       |     1 |       ||     2
       Rising Flame      |       |       |     1 |       ||     1
 Abil: Breathe Lightning |       |       |     5 |       ||     5
  Use: Potion            |       |     1 |     2 |     2 ||     5
       Scroll            |       |       |    13 |       ||    13
Armor: Skin              |    12 |    81 |    92 |     5 ||   190
Dodge: Dodged            |    41 |   142 |   154 |    14 ||   351
